 Dungeon Crawl Stone Soup version 0.32-a0-705-g60f233581c (webtiles) character file.

Game seed: 8215000137824618314

98 Ruich the Shooter (level 4, -4/37 HPs)
             Began as a Demigod Hunter on Mar 15, 2024.
             Slain by Crazy Yiuf
             ... wielding a +2 quarterstaff of chaos
              (7 damage)
             ... on level 2 of the Dungeon.
             The game lasted 00:03:00 (1742 turns).

Ruich the Shooter (Demigod Hunter)                  Turns: 1742, Time: 00:03:01

Health: -4/37      AC:  5    Str: 12    XL:     4   Next: 20%
Magic:  6/6        EV: 10    Int: 11    God:
Gold:   90         SH:  0    Dex: 21    Spells: 3/3 levels left

rFire   . . .        a - +0 shortbow
rCold   + . .        (shield currently unavailable)
rNeg    + . .        e - +0 ring mail
rPois   .            (no helmet)
rElec   .            (no cloak)
rCorr   .            (no gloves)
SInv    .            (no boots)
Will    .....        (no amulet)
Stlth   ++           k - ring of positive energy
HPRegen 0.26/turn    h - ring of protection from cold
MPRegen 0.10/turn

%: no passive effects
@: weak-willed
A: high MP 1, forlorn, divine attributes
a: no special abilities


You were on level 2 of the Dungeon.
You visited 1 branch of the dungeon, and saw 2 of its levels.

You collected 90 gold pieces.


Innate Abilities, Weirdness & Mutations

You have an increased reservoir of magic. (+10% MP)
You shall have no god before yourself.
Your divine heritage dramatically boosts your attributes as you level up.


   Skills:
 + Level 2.6 Fighting
 * Level 4.6 Ranged Weapons
 - Level 1.7 Dodging
 + Level 2.1 Stealth


You had 3 spell levels left.
You didn't know any spells.
Your spell library contained the following spells:

 Spells                   Type           Power      Damage    Failure   Level
 Cause Fear               Hex            0%         N/A       100%        4
 Fireball                 Conj/Fire      0%         3d3       100%        5
 Dragon's Call            Summ           0%         N/A       100%        9

Inventory:

Hand Weapons
 a - a +0 shortbow (weapon)
Armour
 e - a +0 ring mail (worn)
Jewellery
 f - a ring of resist corrosion
 h - a ring of protection from cold (right hand)
 k - a ring of positive energy (left hand)
Scrolls
 b - a scroll of butterflies
 d - a scroll of enchant armour {unknown}
 g - a scroll of amnesia {unknown}
 j - a scroll of teleportation {unknown}
 l - a scroll of vulnerability {unknown}
 m - a scroll of blinking {unknown}
Potions
 c - a potion of might {unknown}
 i - a potion of mutation {unknown}
 n - a potion of heal wounds {unknown}
 o - a potion of curing {unknown}

Dungeon Overview and Level Annotations

Branches:
Dungeon (2/15) Zot: 10213

Annotations:
D:2 Crazy Yiuf

#####
#....#
#......#..#
#...#
#....#
#####
######.#...
#.#.#
#....##
#..)#
##.###.....
#.#.#
#.....#
#...#
#....#..#..
#.#.#
#....## ...
####.#.....
#.#.#
#....># #'#
#.........#
..#.#
##....#
##.#
#.#.##..#.#
###.#
#.....#
#g##
#.#.......#
#.# #.###.#
##@#
#.......###
#.###.....#
#.##
#....##....
#...(.....#
##.##
###########
########.##
#...## #.##
#P...# #..#
#....#
##.###..).#
#...##...#
###.....##


You could see Crazy Yiuf.


Message History

Could not explore, unopened runed door.
Unknown command.
Unknown command.
Unknown command.
Unknown command.
Unknown command.
You open the door. You shoot an arrow.
Crazy Yiuf is lightly wounded.
Crazy Yiuf hits you with a +2 quarterstaff of chaos!
Crazy Yiuf draws strength from your wounds!
You are too injured to fight recklessly!
You are too injured to fight recklessly!
You are too injured to fight recklessly!
Unknown command.
You shoot an arrow.
Crazy Yiuf says, "Ghoul sow childish!"
Crazy Yiuf closely misses you.
Crazy Yiuf hits you with a +2 quarterstaff of chaos!
* * * LOW HITPOINT WARNING * * *
Your willpower is stripped away!
You shoot an arrow.
Crazy Yiuf hits you with a +2 quarterstaff of chaos!
* * * LOW HITPOINT WARNING * * *
Crazy Yiuf draws strength from your wounds!
Unknown command.
Unknown command.
Crazy Yiuf attacks as he pursues you!
Crazy Yiuf hits you with a +2 quarterstaff of chaos!
You die...

Skill      XL: |  1  2  3 |
---------------+----------+-----
Stealth        | 1 2 |  2.1
Fighting       | 2 |  2.6
Ranged Weapons | 4 |  4.6
Dodging        | |  1.7

Action                     |  1- 3 |  4- 6 || total
---------------------------+-------+-------++-------
   Fire: Shortbow          |   114 |    31 ||   145
 Armour: Ring mail         |    39 |    18 ||    57
  Dodge: Dodged            |    41 |    13 ||    54

Levels and vault maps discovered:
D:1:      scummos_arrival_forest, layout_loops_cross
D:2:      layout_basic, hellmonk_ecumenical_altar_prayer_group,
          dreamdust_princess_bridge, uniq_crazy_yiuf_cottage

Notes
Turn   | Place    | Note
-------+----------+-------------------------------------------
     0 | D:1      | Ruich the Demigod Hunter began the quest for the Orb.
     0 | D:1      | Reached XP level 1. HP: 17/17 MP: 3/3
    56 | D:1      | Reached skill level 1 in Stealth
   124 | D:1      | Reached skill level 2 in Fighting
   245 | D:1      | Reached XP level 2. HP: 24/24 MP: 4/4
   306 | D:1      | Reached skill level 4 in Ranged Weapons
   648 | D:2      | Reached XP level 3. HP: 20/30 MP: 5/5
   833 | D:2      | Found a runed translucent door.
   834 | D:2      | Noticed Crazy Yiuf
   984 | D:2      | Reached skill level 2 in Stealth
  1044 | D:2      | Reached XP level 4. HP: 37/37 MP: 6/6
  1740 | D:2      | HP: 2/37 [Crazy Yiuf/+2 quarterstaff of chaos (12)]
  1742 | D:2      | Slain by Crazy Yiuf

Vanquished Creatures
  An orc wizard (D:2)
  An adder (D:2)
  2 dart slugs
  4 orcs (D:2)
  8 bats
  7 endoplasms
  A giant cockroach (D:2)
  4 goblins
  7 jackals (D:2)
  2 quokkas (D:1)
  4 ball pythons
  2 frilled lizards (D:1)
  4 kobolds
  4 rats
51 creatures vanquished.

Table legend: (Time is in decaauts)
 A = Elapsed time spent in this place.
 B = Non-inter-level travel time spent in this place.
 C = Inter-level travel time spent in this place.
 D = Time resting spent in this place.
 E = Time spent auto-exploring this place.
 F = Levels seen in this place.
 G = Mean time per level.
                   A        B        C        D        E       F      G
               +--------+--------+--------+--------+--------+-----+--------+
         Total |   1785 |   1769 |     16 |     86 |   1365 |   2 |  892.5 |
       Dungeon |   1785 |   1769 |     16 |     86 |   1365 |   2 |  892.5 |
               +--------+--------+--------+--------+--------+-----+--------+

Top non-repeatable levels by time:
     D:2: 1186 daAuts
     D:1: 599 daAuts

Table legend:
 A = Non-vault XP
 B = Vault XP
 C = Vault XP percentage of total XP
 D = Non-vault monster count
 E = Vault monster count
 F = Vault count percentage of total count
                 A         B        C        D         E       F
            +---------+---------+-------+---------+---------+-------
      Total |     138 |       2 |   1.4 |      50 |       1 |   2.0
            +---------+---------+-------+---------+---------+-------
        D:1 |      34 |       0 |   0.0 |      20 |       0 |   0.0
        D:2 |     104 |       2 |   1.9 |      30 |       1 |   3.2
            +---------+---------+-------+---------+---------+-------
